Cogmind - Beta 13 X2 @@@ ROGUE MODE // 2023.12.21 @ 19:12:07 Player: JackNine Result: Destroyed by G-47 Trooper with Particle Gun Performance ------------- Evolutions (0) 0 Regions Visited (2) 400 Robots Destroyed (26) 130 Value Destroyed (790) 790 Prototype IDs (0) 0 Alien Tech Used (0) 0 Bonus (124) 124 TOTAL SCORE: 1444 Bonus ------- Follower Combat Kills 124 Cogmind --------- Core Integrity 0/250 Matter 300/300 Energy 249/250 System Corruption 0% Temperature Hot (237) Movement Treading (320) Ox2 Location -10/Mines Parts ------- > --- POWER (1) -------- Ion Engine > --- PROPULSION (2) --- Light Treads Armored Wheel > --- UTILITY (2) ------ High-capacity Storage Unit Light Armor Plating > --- WEAPON (2) ------- Beamcaster Heavy Assault Rifle > --- INVENTORY (20) --- Light Ion Engine Light Angular Momentum Engine Armored Wheel Armored Wheel Armored Wheel Improved Heat Sink Improved Heat Sink Structural Scanner Small Laser Small Laser Small Laser Beam Cannon Assault Rifle Assault Rifle Heavy Assault Rifle Heavy Assault Rifle Heavy Assault Rifle Light Cannon Hammer Peak State ------------ > --- POWER ------------ Ion Engine > --- PROPULSION ------- Light Treads Armored Wheel > --- UTILITY ---------- High-capacity Storage Unit Light Armor Plating > --- WEAPON ----------- Beamcaster Heavy Assault Rifle > --- INVENTORY -------- Light Ion Engine Light Angular Momentum Engine Armored Wheel Armored Wheel Armored Wheel Improved Heat Sink Improved Heat Sink Structural Scanner Small Laser Small Laser Small Laser Beam Cannon Assault Rifle Assault Rifle Heavy Assault Rifle Heavy Assault Rifle Heavy Assault Rifle Light Cannon Hammer [Rating: 16] Favorites ----------- Power Ion Engine Engine Ion Engine Propulsion Light Treads Treads Light Treads Wheel Armored Wheel Utility Light Armor Plating Device Structural Scanner Storage High-capacity Storage Unit Protection Light Armor Plating Weapon Hammer Energy Gun EM Pulse Gun Ballistic Gun Heavy Assault Rifle Impact Weapon Hammer Build | -11 -10 -10 ------- Run | Yrd Mat Min Slots Evolved . | . . . Power . | . . . Propulsion . | . . . Utility . | . . . Weapon . | . . . Parts Attached 30 | 6 21 3 Power 3 | 1 2 . Engine 3 | 1 2 . Core . | . . . Reactor . | . . . Propulsion 5 | 2 3 . Treads 2 | 1 1 . Leg . | . . . Wheel 3 | 1 2 . Hover . | . . . Flight . | . . . Utility 8 | 1 7 . Device 3 | . 3 . Storage 3 | 1 2 . Processor . | . . . Hackware . | . . . Protection 2 | . 2 . Artifact . | . . . Weapon 14 | 2 9 3 Energy Gun 4 | 1 2 1 Energy Cannon . | . . . Ballistic Gun 5 | 1 3 1 Ballistic Cannon . | . . . Launcher . | . . . Special Weapon . | . . . Impact Weapon 5 | . 4 1 Slashing Weapon . | . . . Piercing Weapon . | . . . Special Melee Weapon . | . . . Unidentified Prototypes . | . . . Parts Lost 5 | . 5 . Power 2 | . 2 . Propulsion 1 | . 1 . Utility . | . . . Weapon 2 | . 2 . Highest Loss Streak 3 | . 3 . To Critical Strikes . | . . . Average Slot Usage (%) 97 | . 96 100 Engine 12 | . 12 14 Treads 13 | . 13 14 Wheel 14 | . 14 14 Device 5 | . 7 . Storage 14 | . 14 14 Protection 7 | . 4 14 Energy Gun 2 | . 2 . Ballistic Gun 15 | . 15 15 Impact Weapon 10 | . 9 11 Naked Turns . | . . . Heaviest Build 56 | 14 53 56 Greatest Support 16 | 16 16 12 Greatest Overweight (x) 4 | . 4 4 Average Overweight (x) 2 | . 1 4 Largest Inventory Capacity 20 | 8 20 20 Average Capacity 14 | 7 12 20 Most Carried 19 | 4 16 19 Average Carried 11 | 1 9 16 Final Capacity 20 | 8 20 20 Final Carried 19 | 4 16 19 Class Distribution -------------------- 100% | Mutant Dominant Class ---------------- Mutant | -10/Materials Mutant | -10/Mines Resources | -11 -10 -10 ----------- Run | Yrd Mat Min Matter Collected 578 | 176 351 51 Remotely . | . . . Salvage Created 912 | . 726 186 Parts 21 | . 18 3 Haulers Intercepted 1 | . 1 . Recyclers Shooed . | . . . Parts Field Recycled . | . . . Retrieved Matter . | . . . Parts Self-Destructed . | . . . Prevented . | . . . Kills | -11 -10 -10 ------- Run | Yrd Mat Min Combat Hostiles Destroyed 20 | . 14 6 Melee 6 | . 5 1 Guns 6 | . 3 3 AOE 1 | . 1 . Classes Destroyed 5 | . 4 1 Hauler 1 | . 1 . Operator 2 | . 2 . Watcher 3 | . 3 . Swarmer 1 | . . 1 Grunt 19 | . 14 5 Best Kill Streak 4 | . 4 3 Combat Bots Only 4 | . 4 3 Max Kills in Single Turn 2 | . 2 1 Gunslinging . | . . . Exploded 1 | . 1 . Melee 1 | . 1 1 Uniques/NPCs Destroyed . | . . . Combat | -11 -10 -10 -------- Run | Yrd Mat Min Hostile Shots Fired 108 | . 67 41 Missed 31 | . 16 15 Damage Taken 1040 | . 750 290 Core 253 | . 179 74 Absorbed by Shields . | . . . Regen/Repaired (Parts) 62 | . 62 . Core Remaining (%) 100 | 100 . . Volleys Fired 29 | . 23 6 Largest 2 | . 2 2 Hottest 98 | . 60 98 Shots Fired 52 | . 40 12 Gun 52 | . 40 12 Cannon . | . . . Launcher . | . . . Special . | . . . Kinetic 30 | . 23 7 Thermal 5 | . . 5 Explosive . | . . . Electromagnetic 17 | . 17 . Robot Hit Streak 7 | . 5 7 Robot Miss Streak 3 | . 3 1 Penetration Max . | . . . Secondary Targets . | . . . Shots Hit Robots 83 | . 55 28 Core Hits 18 | . 14 4 Critical Kills 1 | . 1 . Critical Parts Destroyed 9 | . 8 1 Critical Strikes 10 | . 9 1 Smash 10 | . 9 1 Melee Attacks 76 | . 43 33 Impact 76 | . 43 33 Slashing . | . . . Piercing . | . . . Sneak Attacks 7 | . 4 3 Combat Hostiles 1 | . . 1 Follow-up Attacks . | . . . Damage Inflicted 2046 | . 1311 735 Guns 488 | . 297 191 Cannons . | . . . Explosions 81 | . 81 . Melee 1477 | . 933 544 Ramming . | . . . Kinetic 227 | . 146 81 Thermal 191 | . 81 110 Explosive . | . . . Electromagnetic 151 | . 151 . Impact 1477 | . 933 544 Slashing . | . . . Piercing . | . . . Highest Corruption . | . . . Average Corruption . | . . . Corruption Purged . | . . . Corruption Blocked . | . . . Overload Shots . | . . . Overflow Damage 386 | . 317 69 Projectiles 9 | . 9 . Explosions . | . . . Melee 377 | . 308 69 Knockbacks 5 | . 3 2 Impact 4 | . 3 1 Kinetic . | . . . Secondary 1 | . . 1 Self-Inflicted Damage . | . . . Shots . | . . . Rammed . | . . . Targets Rammed . | . . . Kicked . | . . . Crushed . | . . . Highest Temperature 228 | . 72 228 Average Temperature 49 | . 28 117 Received Heat Transfer 519 | . 363 156 Siege Activations . | . . . Robots Corrupted . | . . . Combat Hostiles . | . . . Parts Fried 25 | . 23 2 Impact Corruptions 21 | . 16 5 Robots Melted . | . . . Combat Hostiles . | . . . Parts Melted . | . . . Heat Transferred 235 | . 50 185 Parts Sabotaged . | . . . Parts Stolen . | . . . Parts Stripped . | . . . Power Chain Reactions 1 | . 1 . Missiles Intercepted . | . . . Alert | -11 -10 -10 ------- Run | Yrd Mat Min Peak Influence 215 | . 215 181 Initial 7 | . . 7 Average 75 | . 81 68 Maximum Alert Level 1 | . 1 . Low Security (%) 98 | 100 97 100 Level 1 1 | . 2 . Level 2 . | . . . Level 3 . | . . . Level 4 . | . . . Level 5 . | . . . High Security . | . . . Max Security . | . . . Squads Dispatched 3 | . 3 . Investigation 1 | . 1 . Extermination . | . . . Reinforcement 2 | . 2 . Assault . | . . . Garrison . | . . . Intercept . | . . . Searches Triggered . | . . . Construction Impeded . | . . . Haulers Reinforced . | . . . Active Scanning Responses . | . . . Cargo Convoy Interrupts . | . . . Stealth | -11 -10 -10 --------- Run | Yrd Mat Min Distress Signals 1 | . . 1 Communications Jammed . | . . . Distress Signals . | . . . Times Spotted 34 | . 21 13 Peak Tracking Total 5 | . 5 3 Tactical Retreats 1 | . 1 . Traps | -11 -10 -10 ------- Run | Yrd Mat Min Traps Triggered 4 | . 4 . Indirectly . | . . . Trap Hack Attempts . | . . . Triggered . | . . . Disarmed . | . . . Reprogrammed . | . . . Reused . | . . . Traps Extracted . | . . . Installed . | . . . Triggered . | . . . Machines | -11 -10 -10 ---------- Run | Yrd Mat Min Machines Disabled . | . . . Max in Single Turn . | . . . Machines Repaired . | . . . Machines Dismantled . | . . . Machines Sabotaged . | . . . Overloaded Fab Kills . | . . . Hacking | -11 -10 -10 --------- Run | Yrd Mat Min Machines Accessed 5 | . 5 . Terminals 4 | . 4 . Fabricators . | . . . Repair Stations 1 | . 1 . Recycling Units . | . . . Scanalyzers . | . . . Garrison Access . | . . . Total Hacks 14 | . 14 . Successful 6 | . 6 . Failed 8 | . 8 . Catastrophic . | . . . Database Lockouts . | . . . Manual 11 | . 11 . Terminals 12 | . 12 . Fabricators . | . . . Repair Stations 2 | . 2 . Recycling Units . | . . . Scanalyzers . | . . . Garrison Access . | . . . Terminal Hacks 3 | . 3 . Robot Analysis 2 | . 2 . Locate Traps 1 | . 1 . Fabricator Hacks . | . . . Repair Station Hacks 2 | . 2 . Scan Component 1 | . 1 . Repair 1 | . 1 . Recycling Unit Hacks . | . . . Scanalyzer . | . . . Garrison Access Hacks . | . . . Unauthorized Hacks 1 | . 1 . Terminals 1 | . 1 . Botnet 1 | . 1 . Fabricators . | . . . Repair Stations . | . . . Recycling Units . | . . . Scanalyzers . | . . . Garrison Access . | . . . Data Cores Recovered . | . . . Used . | . . . Hacking Detections 4 | . 4 . Full Trace Events 1 | . 1 . Feedback Events . | . . . Feedback Blocked . | . . . Robot Schematics Acquired . | . . . Robots Built . | . . . Authchips . | . . . Time . | . . . Total Robot Build Rating . | . . . Part Schematics Acquired . | . . . Parts Built . | . . . Authchips . | . . . Time . | . . . Total Part Build Rating . | . . . Parts Repaired 1 | . 1 . Time 26 | . 26 . Parts Recycled . | . . . Recycled Matter . | . . . Retrieved Matter . | . . . Retrieved Components . | . . . Parts Scanalyzed . | . . . Part Schematics Acquired . | . . . Parts Damaged . | . . . Bothacking | -11 -10 -10 ------------ Run | Yrd Mat Min Used RIF Installer . | . . . Robots Hacked . | . . . Non-combat . | . . . Combat . | . . . Robot Hacks Applied . | . . . Relay Couplers Released . | . . . Fabnet Peak Effective % . | . . . Robots Rewired . | . . . Allies Hacked . | . . . Hacks Repelled . | . . . Allies | -11 -10 -10 -------- Run | Yrd Mat Min Total Allies 5 | . . 5 Largest Group 4 | . . 4 Highest-Rated Group 71 | . . 71 Highest-Rated Ally 31 | . . 31 Total Orders . | . . . Ally Attacks 22 | . . 22 Total Damage 291 | . . 291 Kills 7 | . . 7 Allies Corrupted . | . . . Allies Melted . | . . . Intel | -11 -10 -10 ------- Run | Yrd Mat Min Robot Analysis Total 2 | . 2 . Derelict Logs Recovered 1 | . . 1 Drone Launches . | . . . Drone Recoveries . | . . . Exploration | -11 -10 -10 ------------- Run | Yrd Mat Min Turns Passed 1810 | 58 1211 541 Spaces Moved 1154 | 46 829 279 Core 3 | 3 . . Treads . | . . . Legs . | . . . Wheels 1151 | 43 829 279 Hover . | . . . Flight . | . . . Fastest Speed 50 | 50 95 150 Average Speed 121 | 96 113 150 Slowest Speed 150 | 100 150 150 Overloaded Moves . | . . . Propulsion Burnouts . | . . . Robots Hopped . | . . . Cave-ins Triggered . | . . . Exploration Rate (%) 54 | 3 96 63 Regions Visited 2 Branch Regions 1 Pre-discovered Areas . | . . . Known Exits Taken . | . . . Unknown Exits Taken 2 | 1 1 . Scrap Searched 1 | . . 1 Spaces Dug 4 | . 4 . Terrain Destroyed 8 | . 8 . Melee 4 | . 4 . Projectile . | . . . AOE 4 | . 4 . Terrain Rammed . | . . . Walls Destroyed . | . . . Machines Disabled . | . . . Actions | -11 -10 -10 --------- Run | Yrd Mat Min Total 1379 | 56 992 331 Wait 51 | 1 43 7 Move 1152 | 45 828 279 Hop . | . . . Pick Up 26 | 4 20 2 Fast Attach 13 | 6 6 1 Attach 6 | . 6 . Detach 5 | . 4 1 Swap 11 | . 9 2 Drop 10 | . 10 . Fire 29 | . 23 6 Melee 76 | . 43 33 Ram . | . . . Kick . | . . . Crush . | . . . Escape Stasis . | . . . Rewire . | . . . Trap . | . . . Miscellaneous . | . . . Route ------- -11/Scrapyard -10/Materials (discovered 4 exits: [*Mat x3] / [*Min]) -10/Mines History --------- Turn | Location | Event 6 | -11/Scrapyard | Discovered new exit (range 16) 59 | -11/Scrapyard | Entered Materials 296 | -10/Materials | Discovered new exit (range 9) 328 | -10/Materials | Build established: Mutant 392 | -10/Materials | Lost 3 parts (1p2w) 426 | -10/Materials | Discovered new exit (range 16) 641 | -10/Materials | Discovered new exit (range 5) 906 | -10/Materials | Core integrity fell below 50% 1048 | -10/Materials | Repaired Lgt. Armor Plating? 1144 | -10/Materials | Discovered new exit (range 6) 1270 | -10/Materials | Entered Mines 1276 | -10/Mines | Met a Derelict bent on vengeance 1435 | -10/Mines | Core integrity fell below 20% 1590 | -10/Mines | Assisted by bots powering up and referring to "LRC-V3" 1685 | -10/Mines | Excavation squad dispatched 1685 | -10/Mines | A large section of the Mines collapsed 1742 | -10/Mines | Learned Materials security intel 1811 | -10/Mines | Destroyed by G-47 Trooper with Particle Gun Last Messages --------------- 01760_ Destroyed Wheel. 01760_ T-07 Excavator system corrupted by crushing effect. 01760_ T-07 Excavator knocked back. 01760_ Destroyed Imp. Terrain Scanner. 01760_ T-07 Excavator system corrupted by crushing effect. 01760_ T-07 Excavator sends out distress signal. 01761_ T-07 Excavator system terminally corrupted. 01769_ G-34 Mercenary destroyed. 01773_ Trooper 1a destroyed. 01778_ Destroyed Aluminum Leg. 01778_ G-34 Mercenary system corrupted by crushing effect. 01779_ G-34 Mercenary system terminally corrupted. 01781_ Sneak attack on T-07 Excavator. 01789_ Acquired Beamcaster. 01792_ Acquired Lgt. Angular Momentum Engine. 01794_ Acquired 10 matter. 01797_ G-34 Mercenary destroyed. 01798_ Acquired 3 matter. 01803_ G-34 Mercenary destroyed. 01804_ Acquired 3 matter. Map ----- +----------------------------------------------------+ | ### """" ##### #?# ######## ##?????????# | | #??# """" #???# #?# #??????####??????????# | | ? #??# """" #### #?# #?????????????????####[% | | ????# #?# #?????????????????# = | | ????# ### #?# #??????????##?????# # | | ????# ##### #?# #?# #?????????## #????# ## | | ????# ????### ####?# #?# #????????## ????# ### | | ???? ??????# ###### ### #??????### ##?## #?? | | ??? ??????# #?????## ### ##? | | ??# ??????#### ####### #?????# ### #? | | ??# ?????????????????# #?????# ##"### #? | | ?? ??????????????????# #?????# #"# "#### ## | | ?? ? ??????????????????#r#?????# ##" ## "# # | | ????????????????????????# #????# # ###" ##"# | | ????????????????????????# #???# ## # #### | | ????????????????????????# #??# ## ## ## | | ????????????????????????? ??# ####"## ### ##? | | ????????????????????????# #?# #"# ## #??## ##?? | | ????????????????????????# #?## #" ## ????####??? | | ????????????????????????# #??### #### ??????????? | | ????????????????????????#=#???# ##??## ??????????? | | ????????????????????????#[#?###"######???????????? | | ????????????????????????#=#?# #????????????? | | ????????????????????????#%#?# #####????????????? | | ????????????????????????#*#?# ##????????????????? | | ????????????????????????#@#?# #?????????????????? | | ???????????????##?????###!#?#= #?????????????????? | | ?????????????### ### =%###% ####??????????????? | | ???????????# % [%=%% #??????????????? | | ??????????# %g### ## #??????????????? | | ?????????? % #?# #?????????????????? | | ??????????## ### #?# #?????????????????? | | ???????????####????## ? #?????????????????? | | ????????????????????### ? #?????????????????? | | ??????????????????????#t########?????????????????? | | ??????????????????????# ?????????????????????????? | | #?????????????????????t ?????????????????????????? | | ?????????????????????? ?????????????????????????? | | ?????????????????????# ?????????????????????????? | | ?????????????????????###?????????????????????????? | | ?????????????????????????????????????????????????? | | ? ##?????????????????????????????????????????????? | | #?????????????????????????????????????????????? | | #### #????????????????????????????????????????? | | #????????????????????????????????????????? | | #????????????????????????????????????????? | | ########????????????????????????????????????????? | | #???????????????????????????????????????????????? | | ?#???????????????????????????????????????????????? | | ?????????????????????????????????????????????????? | +----------------------------------------------------+ Best States ------------- Heat Dissipation 39 Energy Generation 10 Energy Capacity 250 Matter Stores 300 Matter Capacity 300 Sight Range 16 Terrain Scan Density 10 Armor Coverage 150 Evasion (%) 41 Recoil Reduction 1 Item Schematics ----------------- None Robot Schematics ------------------ None Fabricated ------------ Nothing Alien Tech Used ----------------- None Achievements -------------- None Challenges ------------ None Game ------ Seed AntimissileGodPlatform Manual? 0 Play Time 00:24:15 Cumulative 353.9 hours Start 2023.12.20 @ 22:55:04 End 2023.12.21 @ 19:12:07 Sessions 3 Manual Loads 0 Difficulty Rogue Special Mode None Game No. 182 Rogue 182 Adventurer 0 Explorer 0 Win Type - Total 12 Types 7/0/3/0/0/0/2/0/0 Lore% 83 Gallery% 87 Achievement% 78 Wizard Run 0 Options --------- ASCII 0 Keyboard 1 Movement Numpad Keybinds 0 Fullscreen 2 Font 12/Smallcaps Map View 41x27 Zoom Use 95% Tactical HUD 1 Map Filters NONE Filters NONE Steam 1 RUN: 442108a4-ac07-4be4-92a4-e1aa7fce97b2